 Dungeon Crawl Stone Soup version 0.31-a0-325-g067879e3d3 (webtiles) character file.

Game seed: 12058420466838136917

80290 Ofeo the Fighter (level 15, -5/122 HPs)
             Began as a Demonspawn Shapeshifter on July 16, 2023.
             Was the Champion of Wu Jian.
             Shot with an arrow by a deep elf archer (11 damage)
             ... on level 13 of the Dungeon on July 18, 2023.
             The game lasted 00:43:37 (29067 turns).

Ofeo the Fighter (Demonspawn Shapeshifter)         Turns: 29067, Time: 00:43:37

Health: -5/122     AC: 22    Str: 21    XL:     15   Next: 23%
Magic:  0/15       EV: 17    Int: 10    God:    Wu Jian [******]
Gold:   2606       SH:  0    Dex: 15    Spells: 14/14 levels left

rFire   . .          .
                       - Unarmed
rCold   + . .        (shield currently unavailable)
rNeg    . . .        a - +3 scale mail {rPois}
rPois   +            V - +2 hat of the Bear Spirit {Spirit, Bear, *Rage Will++}
rElec   .            T - +0 cloak
rCorr   .            t - melded +0 pair of gloves
SInv    .            k - +2 pair of boots
Will    +++..        X - amulet of the acrobat
Stlth   +            l - +4 ring of protection
HPRegen 0.40/turn    F - ring "Lijia" {rC+ AC+4}
MPRegen 0.14/turn

%: random rage (20%), acrobat, guardian spirit
@: blade hands, on berserk cooldown, slowed, studying 2 skills, very slow
A: icemail 2, spiny 2, sturdy frame 2, condensation shield, weakness stinger 2
a: Begin Untransformation, Renounce Religion, Wall Jump, Serpent's Lash,
Heavenly Storm


You were on level 13 of the Dungeon.
You worshipped Wu Jian.
Wu Jian was exalted by your worship.
You had blades for hands.
You visited 4 branches of the dungeon, and saw 21 of its levels.
You also visited: Sewer, Ossuary and Gauntlet.

You collected 4320 gold pieces.
You spent 1714 gold pieces at shops.

Inventory:

Missiles
 L - 13 curare-tipped darts
Armour
 a - a +3 scale mail of poison resistance (worn)
 k - a +2 pair of boots (worn)
 n - +0 fire dragon scales
 t - a +0 pair of gloves (melded)
 J - a +2 helmet
 R - an orb of wrath
 T - a +0 cloak (worn)
 V - the +2 hat of the Bear Spirit (worn) {Spirit, Bear, *Rage Will++}
   (You found it in a Gauntlet)

   Bear:      Going berserk makes the wearer exceptionally tough, and they are
   slowed for a shorter time afterward.
   *Rage:     It berserks you when you make melee attacks (+20% chance).
   Will:      It greatly increases your willpower.
Jewellery
 c - a ring of magical power
 d - a ring of protection from cold
 e - an amulet of magic regeneration
 l - a +4 ring of protection (left blade hand)
 s - a +6 ring of dexterity
 E - a +4 ring of protection
 F - the ring "Lijia" (right blade hand) {rC+ AC+4}
   (You found it in a Gauntlet)

   [ring of protection]

   AC:        It affects your AC (+4).
   rC:        It protects you from cold.
 W - a ring of protection from fire
 X - an amulet of the acrobat (around neck)
Talismans
 U - a blade talisman
Wands
 w - a wand of flame (37)
 G - a wand of mindburst (15)
 H - a wand of charming (7)
 N - a wand of roots (11)
Scrolls
 h - 5 scrolls of enchant armour
 i - a scroll of identify {@r1}
 m - 3 scrolls of silence
 p - 6 scrolls of fog
 r - 3 scrolls of teleportation {@r3}
 x - 4 scrolls of torment
 y - 2 scrolls of blinking {@r4}
 z - 4 scrolls of amnesia
 K - 2 scrolls of immolation
 M - 2 scrolls of enchant weapon
 O - 2 scrolls of butterflies
 P - a scroll of revelation
 Q - 2 scrolls of noise
Potions
 b - 2 potions of lignification
 f - 5 potions of mutation
 g - 2 potions of might {@q4}
 j - 3 potions of invisibility
 o - 2 potions of haste {@q3}
 q - 4 potions of curing {@q1}
 u - 3 potions of berserk rage
 v - 2 potions of brilliance
 A - 2 potions of magic
 B - 4 potions of enlightenment
 C - 4 potions of attraction
 D - a potion of ambrosia
Miscellaneous
 I - a condenser vane
 S - a phantom mirror


   Skills:
 + Level 12.5 Fighting
 + Level 9.0 Armour
 + Level 11.2 Dodging
 + Level 11.3 Unarmed Combat
 - Level 12.4 Shapeshifting


You had 14 spell levels left.
You didn't know any spells.
Your spell library contained the following spells:

 Spells                   Type           Power      Damage    Failure   Level
 Sting                    Tmut/Pois      0%         1d3       85%         1
 Summon Small Mammal      Summ           0%         N/A       85%         1
 Wereblood                Tmut           0%         N/A       92%         2
 Call Canine Familiar     Summ           0%         N/A       98%         3
 Mephitic Cloud           Conj/Pois/Air  0%         N/A       98%         3
 Portal Projectile        Hex/Tloc       0%         N/A       98%         3
 Summon Guardian Golem    Hex/Summ       0%         N/A       98%         3
 Tukima's Dance           Hex            0%         N/A       98%         3
 Vhi's Electric Charge    Tloc/Air       0%         N/A       98%         3
 Volatile Blastmotes      Fire/Tloc      0%         2d10      98%         3
 Iskenderun's Mystic Bla  Conj/Tloc      0%         2d3       100%        4
 Arcjolt                  Conj/Air       0%         1d10      100%        5
 Fireball                 Conj/Fire      0%         3d3       100%        5
 Irradiate                Conj/Tmut      0%         3d11      100%        5
 Plasma Beam              Fire/Air       0%         2x1d10    100%        6
 Maxwell's Capacitive Co  Air            0%         ∞         100%        8


Dungeon Overview and Level Annotations

Branches:
Dungeon (13/15)            Temple (1/1) D:7            Lair (5/5) D:8
  Swamp (0/4) Lair:3       Spider (0/4) Lair:2        Slime (0/5) Lair:4
    Orc (2/2) D:9             Elf (0/3) Orc:2         Sewer (visited)
Ossuary (visited)         Gauntlet (visited)
 Vaults: D:13-14

Altars:
Ashenzari
Cheibriados
Dithmenos
Fedhas
Gozag
Hepliaklqana
Kikubaaqudgha
Makhleb
Nemelex Xobeh
Okawaru
Qazlal
Ru
Sif Muna
Trog
Uskayaw
Vehumet
Wu Jian
Xom
Yredelemnul
Jiyva

Shops:
D:1 [   D:8 [   Orc:2 =?:*?

Annotations:
D:3 1 runed translucent door, Crazy Yiuf
Lair:1 3 runed translucent doors, Newt's ghost, journeyman BaFi; Raacer's ghost, journeyman KoHu; Zooriak's ghost, journeyman DrBe
Orc:1 1 runed translucent door, Funteblela's ghost, journeyman GnWn


Innate Abilities, Weirdness & Mutations

You have blades for hands.
Your spellcasting is less reliable in this form.
You are incapable of wielding weapons or throwing items.
A meltable icy envelope protects you from harm. (AC +0)
You are mostly covered in sharp spines.
Your movements are less encumbered by armour. (ER -4)
A meltable shield of frost defends you. (SH +0)
You have a tail ending in a sharp stinger.


Message History

You kill the orc priest!
The Council accepts your kill. The kobold is struck by your spines.
You kill the kobold!
The Council accepts your kill.
The deep elf pyromancer is struck by your spines.
The deep elf pyromancer hits you but does no damage.
The deep elf archer gestures wildly while chanting.
The deep elf archer blinks!
The fire elemental is struck by your spines.
You destroy the fire elemental!
The fire elemental disappears in a puff of smoke!
You take 2 damage, and have 57/122 hp.
You spin and attack the deep elf pyromancer repeatedly.
You hit the deep elf pyromancer but do no damage.
The deep elf pyromancer is severely wounded.
You miss the deep elf pyromancer.
The deep elf pyromancer is severely wounded.
The human changes into a meliai!
The boggart misses you.
The deep elf pyromancer gestures at you while chanting.
The sticky flame misses you.
The deep elf archer shoots an arrow.
The arrow hits you!
The deep elf pyromancer casts a spell.
The deep elf pyromancer blinks!
The deep elf pyromancer is struck by your spines.
The deep elf pyromancer completely misses you.
The skeletal warrior hits you with a +0 mace!
The deep elf archer shoots an arrow.
The arrow hits you.
* * * LOW HITPOINT WARNING * * *
Things that are here:
a +0 club; 7 poisoned darts You take 22 damage, and have 35/122 hp.
You now have 5/15 mp.
Blink to where?
Press: ? - help, Dir - move target
As you read the scroll of blinking {@r4}, it crumbles to dust.
The deep elf zephyrmancer casts a spell at you.
The bolt of lightning hits you!!
* * * LOW HITPOINT WARNING * * *
The deep elf archer shoots an arrow.
The arrow hits you!
You die...

...ZQ.g...........##.
###Z#.e#.#####.....##.
#.e))e.ey..# ###.#.##.
#..##)#z.#.##.. #.#.##. #
#)#..# #...##. #)##..#
######. ... #..# #.
######..# #. #.@.# #.
#.### #. #.# #. #.# #.
#.# #. #.# #.
#######.################.
....................<....
########################.


You could see a skeletal warrior, a deep elf archer (repels missiles), a deep
elf pyromancer and a deep elf zephyrmancer.

Vanquished Creatures
  A dire elephant (Lair:5)
  A minotaur (Gauntlet)
  A fire dragon (Lair:5)
  An ettin (Orc:2)
  Josephine (Lair:3)
  3 hydras (Lair:5)
  A centaur warrior (D:13)
  4 ogre magi (Orc:2)
  4 boulder beetles
  14 two-headed ogres
  Erica (D:11)
  3 death yaks (Lair:3)
  A soul eater (Gauntlet)
  A skyshark (Lair:2)
  2 sixfirhies (Gauntlet)
  A lindwurm (Lair:5)
  3 orc knights
  A deep elf pyromancer (D:12)
  2 cyclopes
  An ugly thing (D:11)
  3 orc sorcerers
  2 manticores
  8 elephants (Lair:3)
  9 black mambas
  A guardian serpent (shapeshifter) (D:13)
  3 gargoyles
  A minotaur zombie (Gauntlet)
  2 molten gargoyles (Lair:5)
  A torpor snail (Lair:1)
  A centaur skeleton (D:13)
  10 cane toads
  An unseen horror (D:13)
  3 rime drakes
  A tengu conjurer (D:13)
  11 komodo dragons
  3 trolls
  3 tyrant leeches (Lair:3)
  3 meliai (D:13)
  3 polar bears
  19 blink frogs
  Grinder (D:2)
  6 dream sheep (Lair:4)
  6 slime creatures (D:13)
  2 shadows
  2 large abominations (Gauntlet)
  Sigmund (D:2)
  A spriggan (Lair:5)
  3 vampires
  6 wyverns
  8 wraiths
  6 basilisks
  62 yaks
  3 small abominations (Gauntlet)
  A redback (Lair:2)
  3 steam dragons (D:9)
  7 vampire mosquitoes
  3 wargs
  An acid dragon (D:11)
  18 water moccasins
  3 hell hounds (Lair:5)
  2 black bears
  2 sky beasts
  An ice beast (D:7)
  24 orc warriors
  A centaur (D:10)
  30 ogres
  3 phantoms
  8 kobold brigands
  2 elf zombies (Ossuary)
  3 gnoll sergeants
  19 bullfrogs
  3 scorpions
  4 wights (D:10)
  10 killer bees
  4 howler monkeys
  An electric eel (Lair:2)
  5 human zombies (Ossuary)
  4 lava snakes (Lair:5)
  5 centaur zombies (Ossuary)
  3 jellies
  6 quasits (D:4)
  2 gnoll boudas
  3 hounds (D:6)
  11 orc priests
  3 iguanas
  21 orc wizards
  Natasha (thrice) (D:2)
  4 mummies
  28 gnolls
  9 adders
  11 shadow imps
  4 white imps
  An ufetubus (D:4)
  9 worms
  9 dart slugs (D:5)
  84 orcs
  7 ball pythons
  4 bats
  12 endoplasms
  4 giant cockroaches
  4 goblins
  3 hobgoblins
  4 jackals
  5 quokkas
  2 frilled lizards
  16 kobolds
  11 rats
692 creatures vanquished.

Vanquished Creatures (others)
  An orc wizard (Orc:2)
1 creature vanquished.

Grand Total: 693 creatures vanquished

Notes
Turn   | Place    | Note
-------+----------+-------------------------------------------
     0 | D:1      | Ofeo the Demonspawn Shapeshifter began the quest for the
                  | Orb.
     0 | D:1      | Reached XP level 1. HP: 16/16 MP: 1/1
   124 | D:1      | Gained mutation: A meltable shield of frost defends you.
                  | (SH +0) [demonic ancestry]
   124 | D:1      | Reached XP level 2. HP: 14/22 MP: 2/2
   346 | D:1      | Found a faded altar of an unknown god.
   544 | D:1      | Found Taqar's Antique Armour Shoppe.
  1115 | D:2      | Found a stormy altar of Qazlal.
  1361 | D:2      | Noticed Natasha
  1442 | D:1      | Gained mutation: You are partially covered in sharp spines.
                  | [demonic ancestry]
  1442 | D:1      | Reached XP level 3. HP: 24/28 MP: 3/3
  1465 | D:2      | Killed Natasha
  1530 | D:2      | Noticed Natasha
  1545 | D:2      | Killed Natasha
  1546 | D:2      | Reached XP level 4. HP: 19/34 MP: 4/4
  1665 | D:2      | Noticed Sigmund
  1674 | D:2      | Killed Sigmund
  1675 | D:2      | Gained mutation: Your movements are slightly less
                  | encumbered by armour. (ER -2) [demonic ancestry]
  1675 | D:2      | Reached XP level 5. HP: 27/41 MP: 5/5
  2084 | D:3      | Noticed Grinder
  2100 | D:2      | Killed Grinder
  2101 | D:2      | Gained mutation: You have a small tail. [demonic ancestry]
  2101 | D:2      | Reached XP level 6. HP: 47/47 MP: 6/6
  2389 | D:3      | Found a glowing drain.
  2398 | D:3      | Gained mutation: You are mostly covered in sharp spines.
                  | [demonic ancestry]
  2398 | D:3      | Reached XP level 7. HP: 48/53 MP: 7/7
  2414 | Sewer    | Entered a sewer
  2900 | Sewer    | Reached skill level 5 in Shapeshifting
  3533 | D:3      | Found a runed translucent door.
  3534 | D:3      | Noticed Crazy Yiuf
  3882 | D:3      | Identified the +8 spear "Ifodafoh" {antimagic, rCorr Str+4
                  | Dex-5 Stlth+}
  4005 | D:3      | Found a shimmering blue altar of Sif Muna.
  4179 | D:4      | Upgraded the game from 0.31-a0-303-gdc8c9485ea to
                  | 0.31-a0-321-g19405a7a6a
  4271 | D:4      | Gained mutation: A meltable icy envelope protects you from
                  | harm. (AC +0) [demonic ancestry]
  4271 | D:4      | Reached XP level 8. HP: 57/61 MP: 2/8
  4575 | D:4      | Reached skill level 5 in Fighting
  5407 | D:5      | Entered Level 5 of the Dungeon
  5685 | D:5      | Reached skill level 5 in Unarmed Combat
  5696 | D:5      | Reached skill level 5 in Dodging
  5998 | D:5      | Found a sand-covered staircase.
  6004 | D:5      | Gained mutation: A meltable icy envelope protects you from
                  | harm. (AC +0) [demonic ancestry]
  6004 | D:5      | Reached XP level 9. HP: 68/68 MP: 3/9
  6008 | Ossuary  | Entered an ossuary
  7630 | D:6      | Found a broken altar of Ashenzari.
  7919 | D:7      | Found a staircase to the Ecumenical Temple.
  8018 | Temple   | Entered the Ecumenical Temple
  8081 | Temple   | Upgraded the game from 0.31-a0-321-g19405a7a6a to
                  | 0.31-a0-325-g067879e3d3
  8094 | Temple   | Became a worshipper of the Wu Jian Council
  8124 | D:7      | Reached XP level 10. HP: 78/79 MP: 3/10
  9220 | D:8      | Found a staircase to the Lair.
  9341 | D:8      | Found Ocibacok's Armour Shoppe.
  9476 | D:8      | Reached * piety under Wu Jian
 10309 | D:8      | Noticed a gargoyle
 10318 | D:8      | Killed a gargoyle
 10637 | D:9      | Reached skill level 1 in Armour
 11056 | D:8      | HP: 4/80 [yak (5)]
 11443 | D:9      | Found a staircase to the Orcish Mines.
 11495 | D:9      | Reached ** piety under Wu Jian
 11590 | D:9      | Reached XP level 11. HP: 78/87 MP: 3/11
 12257 | D:10     | Entered Level 10 of the Dungeon
 13351 | D:11     | Noticed Erica
 13838 | D:11     | Reached *** piety under Wu Jian
 14068 | D:11     | Identified the +4 ring mail of Unambiguity {rC+ Str-4
                  | Dex+2}
 14242 | D:11     | Identified a scroll of acquirement
 14242 | D:11     | Acquired 1215 gold pieces
 14250 | D:11     | Killed Erica
 14616 | D:11     | Noticed a brown ugly thing
 14624 | D:11     | Killed a brown ugly thing
 14958 | D:12     | Noticed a two-headed ogre
 14964 | D:12     | Killed a two-headed ogre
 15095 | D:12     | Gained mutation: You have a tail ending in a sharp stinger.
                  | [demonic ancestry]
 15095 | D:12     | Reached XP level 12. HP: 72/95 MP: 4/12
 16112 | D:2      | Noticed Natasha
 16114 | D:2      | Killed Natasha
 16165 | D:1      | Bought a runed scale mail for 175 gold pieces
 16165 | D:1      | Bought a shiny helmet for 187 gold pieces
 16356 | Orc:1    | Entered Level 1 of the Orcish Mines
 16364 | Orc:1    | Reached **** piety under Wu Jian
 16383 | Orc:1    | HP: 1/96 [orc knight/+0 war axe (17)]
 16636 | Lair:1   | Entered Level 1 of the Lair of Beasts
 16660 | Lair:1   | Reached skill level 5 in Armour
 16930 | Lair:1   | Found a runed translucent gate.
 16942 | Lair:1   | Found a runed translucent gate.
 16942 | Lair:1   | Found a runed translucent gate.
 16943 | Lair:1   | Noticed Raacer's ghost (journeyman KoHu)
 16943 | Lair:1   | Noticed Newt's ghost (journeyman BaFi)
 16943 | Lair:1   | Noticed Zooriak's ghost (journeyman DrBe)
 17306 | Lair:1   | Reached skill level 10 in Fighting
 17539 | Lair:1   | Reached skill level 10 in Shapeshifting
 18543 | Lair:2   | Found a hole to the Spider Nest.
 18609 | Lair:2   | Reached ***** piety under Wu Jian
 18995 | Lair:2   | Reached XP level 13. HP: 104/104 MP: 13/13
 20387 | Lair:3   | Noticed Josephine
 20409 | Lair:3   | Killed Josephine
 21482 | Lair:3   | Found a staircase to the Swamp.
 21708 | Lair:4   | Reached skill level 10 in Unarmed Combat
 22621 | Lair:4   | Found a viscous altar of Jiyva.
 22622 | Lair:4   | Found a staircase to the Slime Pits.
 22923 | Lair:5   | Entered Level 5 of the Lair of Beasts
 22948 | Lair:5   | Reached skill level 10 in Dodging
 23376 | Lair:5   | Reached ****** piety under Wu Jian
 23379 | Lair:5   | Gained mutation: Your movements are less encumbered by
                  | armour. (ER -4) [demonic ancestry]
 23379 | Lair:5   | Reached XP level 14. HP: 110/113 MP: 14/14
 23717 | Lair:5   | Found a large runed translucent door.
 23720 | Lair:5   | Found a large runed translucent door.
 25368 | Orc:1    | Found a runed translucent door.
 25368 | Orc:1    | Noticed Funteblela's ghost (journeyman GnWn)
 25604 | Orc:2    | Entered Level 2 of the Orcish Mines
 25835 | Orc:2    | Found Iguravan's Jewellery Shop.
 26563 | Orc:2    | Found Vapser's Assorted Antiques.
 26563 | Orc:2    | Found Wuywao's Magic Scroll Boutique.
 26563 | Orc:2    | Found Geneeha's Magic Scroll Shop.
 26563 | Orc:2    | Found Heowuod's Book Emporium.
 26642 | Orc:2    | Found a staircase to the Elven Halls.
 27042 | Orc:2    | Bought a scroll of acquirement for 676 gold pieces
 27042 | Orc:2    | Bought a scroll of acquirement for 676 gold pieces
 27043 | Orc:2    | Acquired 870 gold pieces
 27045 | Orc:2    | Acquired a manual of Transmutations
 27360 | D:13     | Reached XP level 15. HP: 115/121 MP: 15/15
 27415 | D:13     | Found a gate leading to a gauntlet.
 27425 | Gauntlet | Entered a Gauntlet
 27425 | Gauntlet | Found a transporter.
 27425 | Gauntlet | Found a transporter.
 27425 | Gauntlet | Found a transporter.
 27426 | Gauntlet | Found a transporter.
 27427 | Gauntlet | Found a transporter.
 27430 | Gauntlet | Found a transporter.
 27466 | Gauntlet | Found a transporter.
 27469 | Gauntlet | Found a transporter.
 27471 | Gauntlet | Found a large runed translucent door.
 27472 | Gauntlet | Found a large runed translucent door.
 27473 | Gauntlet | Found a large runed translucent door.
 27473 | Gauntlet | Found a large runed translucent door.
 27473 | Gauntlet | Found a runed translucent door.
 27473 | Gauntlet | Found a runed translucent door.
 27474 | Gauntlet | Found a large runed translucent door.
 27475 | Gauntlet | Found a large runed translucent door.
 27476 | Gauntlet | Found a large runed translucent door.
 27476 | Gauntlet | Found a large runed translucent door.
 27477 | Gauntlet | Found a runed translucent gate.
 27477 | Gauntlet | Found a runed translucent gate.
 27477 | Gauntlet | Found a runed translucent gate.
 27479 | Gauntlet | Found a transporter.
 27488 | Gauntlet | Found a large runed translucent door.
 27488 | Gauntlet | Found a large runed translucent door.
 27489 | Gauntlet | Found a large runed translucent door.
 27490 | Gauntlet | Found a large runed translucent door.
 27498 | Gauntlet | Found a transporter.
 27510 | Gauntlet | Found a large runed translucent door.
 27510 | Gauntlet | Found a large runed translucent door.
 27511 | Gauntlet | Found a large runed translucent door.
 27512 | Gauntlet | Found a transporter.
 27512 | Gauntlet | Found a large runed translucent door.
 27515 | Gauntlet | Found a transporter.
 27515 | Gauntlet | Found the +2 hat of the Bear Spirit {Spirit, Bear, *Rage
                  | Will++}
 27637 | Gauntlet | Identified the ring "Lijia" {rC+ AC+4}
 27807 | Gauntlet | Identified the +0 ring mail of Jilex {Str+4 Dex+6}
 27808 | Gauntlet | Got the Tractate on Phlogiston and the Scorpion
 29067 | D:13     | HP: 6/122 [deep elf zephyrmancer/bolt of lightning (29)]
 29067 | D:13     | Shot with an arrow by a deep elf archer

Illustrated notes

Levels and vault maps discovered:
D:1:      lemuel_arrival_river_bridge, layout_loops_ring, serial_shops,
          nicolae_lakefront_shop, ebering_ecumenical_altar_petrified,
          minivault_25
D:2:      layout_basic, basic_altar, uniq_sigmund, uniq_natasha
D:3:      layout_loops_corners, kennysheep_orc_sif_temple, portal_sewer_entry_f,
          fountainhead, uniq_crazy_yiuf_cottage, uniq_grinder
D:4:      layout_cave_pods, serial_demonic, serial_demonic_b, serial_demonic_e,
          serial_demonic_f, serial_demonic_g, serial_demonic_f,
          serial_demonic_a, serial_demonic_a, serial_demonic_e
D:5:      kennysheep_slugbush, layout_layer_cave, gup_ossuary_entry_pyramid
D:6:      layout_loops_cross, evilmike_ruin_ashenzari
D:7:      layout_gridville, minmay_temple_entry_proselytizer,
          small_statue_intersection
D:8:      nicolae_hitomezashi [nicolae_hito_row, nicolae_hito_row,
          nicolae_hito_row, nicolae_hito_row, nicolae_hito_row,
          nicolae_hito_row, nicolae_hito_row, nicolae_hito_row,
          nicolae_hito_row, nicolae_hito_row, nicolae_hito_row,
          nicolae_hito_row, nicolae_hito_row, nicolae_hito_row,
          nicolae_hito_row, nicolae_hito_row, nicolae_hito_row,
          nicolae_hito_row], layout_basic, david_lair_shrubbed, serial_shops,
          shop
D:9:      layout_irregular_city, david_orc_2
D:10:     layout_small_grid
D:11:     layout_roguey, kennysheep_windowed_goal, uniq_erica
D:12:     layout_rooms
D:13:     layout_basic, hangedman_vaults_entry_quadrant_bands,
          gauntlet_entry_generic
Temple:   nicolae_temple_slightly_damp_pantheon
Lair:1:   layout_regular_city, gammafunk_ghost_cemetery, guppyfry_lair_drakes,
          lemuel_fruit_fields, serial_bayou_shore_b, grunt_megastairs_4
Lair:2:   layout_regular_city, spider_nest_entry_webs,
          infiniplex_staircase_pool, grunt_megastairs_2
Lair:3:   layout_cave_pods, minmay_swamp_entry_worms,
          pdpol_lair_neglected_garden, st_stairs_9, uniq_josephine
Lair:4:   layout_cave_pods, slime_entry_1, serial_bayou_shore_b
Lair:5:   cheibrodos_lair_end_hotspot, layout_regular_city,
          grunt_forest_large_clearing_hut
Orc:1:    layout_diamond_mine, hellmonk_ghost_happy_afterlife, basic_altar
Orc:2:    st_orc_ogre_mass, layout_caves, serial_shops,
          nicolae_shop_gibbet_a_chance, mines4_lemuel

Skill      XL: |  1  2  3  4  5  6  7  8  9 10 11 12 13 14 15 |
---------------+----------------------------------------------+-----
Dodging        | 2 3 4 5 6 7 8 9 10 11 | 11.2
Unarmed Combat | 2 3 4 5 6 7 8 9 10 11 | 11.3
Shapeshifting  | 3 4 5 6 7 9 10 11 12 | 12.4
Fighting       | 3 4 5 7 8 9 10 11 12 | 12.5
Armour         | 2 4 6 7 8 9 |  9.0

Action                     |  1- 3 |  4- 6 |  7- 9 | 10-12 | 13-15 || total
---------------------------+-------+-------+-------+-------+-------++-------
  Melee: Unarmed           |    69 |    51 |   118 |    47 |   824 ||  1109
         Punch             |       |     3 |     8 |    32 |    50 ||    93
         Tailslap          |       |     4 |    45 |    97 |    76 ||   222
         Spear             |       |       |   285 |   624 |       ||   909
         Constrict         |       |       |       |     2 |    54 ||    56
 Invoke: Serpent's Lash    |       |       |       |     1 |       ||     1
Ability: Whirlwind         |       |       |       |    31 |    94 ||   125
         Lunge             |       |       |       |    18 |    64 ||    82
         Wall Jump         |       |       |       |     1 |       ||     1
  Evoke: Wand              |       |       |       |     2 |       ||     2
    Use: Scroll            |     6 |       |     9 |    12 |     7 ||    34
         Potion            |       |     1 |     1 |     3 |       ||     5
 Armour: Chain mail        |    44 |    27 |   176 |   309 |       ||   556
         Skin              |       |       |       |     3 |   134 ||   137
         Scale mail        |       |       |       |       |   216 ||   216
  Dodge: Dodged            |    31 |    14 |   156 |   311 |   485 ||   997
  Block: Other             |    11 |     5 |    61 |   102 |    97 ||   276
   Form: Anaconda          |       |       |       |     3 |       ||     3
                           |       |       |       |     2 |       ||     2
         Blade             |       |       |       |       |     1 ||     1

Table legend: (Time is in decaauts)
 A = Elapsed time spent in this place.
 B = Non-inter-level travel time spent in this place.
 C = Inter-level travel time spent in this place.
 D = Time resting spent in this place.
 E = Time spent auto-exploring this place.
 F = Levels seen in this place.
 G = Mean time per level.
                   A        B        C        D        E       F      G
               +--------+--------+--------+--------+--------+-----+--------+
         Total |  29359 |  27722 |   1637 |   3413 |  19560 |  24 | 1223.3 |
       Dungeon |  17137 |  15963 |   1174 |   2390 |  11196 |  13 | 1318.2 |
        Temple |     86 |     63 |     23 |      0 |     58 |   1 |   86.0 |
          Lair |   8642 |   8371 |    271 |    686 |   6370 |   5 | 1728.4 |
  Orcish Mines |   1838 |   1670 |    168 |    290 |    954 |   2 |  919.0 |
         Sewer |   1064 |   1064 |      0 |      0 |    809 |   1 | 1064.0 |
       Ossuary |    196 |    196 |      0 |      0 |     28 |   1 |  196.0 |
      Gauntlet |    391 |    391 |      0 |     46 |    144 |   1 |  391.0 |
               +--------+--------+--------+--------+--------+-----+--------+

Top non-repeatable levels by time:
  Lair:5: 2280 daAuts
  Lair:3: 2005 daAuts
     D:9: 1783 daAuts
  Lair:1: 1717 daAuts
     D:8: 1648 daAuts
     D:5: 1646 daAuts
    D:10: 1433 daAuts
    D:13: 1375 daAuts
    D:11: 1361 daAuts
  Lair:2: 1325 daAuts
  Lair:4: 1313 daAuts
     D:4: 1281 daAuts
     D:3: 1249 daAuts
     D:7: 1244 daAuts
   Orc:2: 1227 daAuts
